[Event "Prague Festival Open 2022"]
[Site "Prague"]
[Date "2022.06.11"]
[Round "3.8"]
[White "Stremavicius, Titas"]
[Black "Wagh Suyog"]
[Result "1-0"]
[ECO "A31"]
[WhiteElo "2508"]
[BlackElo "2352"]
[Annotator "TA"]
[PlyCount "109"]
[EventDate "2022.06.10"]
[EventType "swiss"]
[EventCountry "CZE"]
[SourceTitle "playchess.com"]
[Source "ChessBase"]
[SourceQuality "1"]
[TimeControl "40/5400+30:1800+30"]

1. c4 Nf6 2. Nc3 c5 3. Nf3 b6 4. e4 d6 5. d4 cxd4 6. Nxd4 Bb7 7. f3 e6 8. Be2 a6 {[%emt 0:01:46] A31: Symmetrical English: 2 Nf3 Nf6 3 d4.} 9. Be3 Be7 10. Qd2 Nbd7 {[%emt 0:05:01] White is slightly better.} 11. g4 O-O (11... h6 $14) 12. g5 Ne8 13. O-O Nc7 14. f4 {[%emt 0:01:08] [#]} g6 $146 ({Predecessor:} 14... Re8 15. Rf2 Bf8 16. Nc2 Rb8 17. Raf1 Nc5 18. Bf3 Qe7 19. h4 Red8 20. b4 Nd7 {1-0 (34) Shtereva,S (2100)-Yildiz Kadioglu,B (2061) Patras 2001}) 15. Nb3 Re8 16. Rad1 Nc5 (16... a5 $142) 17. Nxc5 bxc5 18. Bf3 Qb8 19. h4 Bc6 20. h5 Qb4 (20... Qb7 $16 21. Qg2 Rad8) 21. b3 Rad8 22. Rfe1 (22. f5 $142) 22... Bf8 $16 23. h6 {[%emt 0:00:09] Inhibits Bg7.} Qb7 24. Bf2 (24. Rf1 $16) 24... Qa8 (24... a5 $14) 25. Re3 ({White should try} 25. Bg2 $1 $16) 25... Be7 (25... e5 $14) 26. Rd3 Qc8 (26... a5 $16 27. Bg2 Na6) 27. Bg4 $18 Qa8 28. Qb2 Bf8 {[%emt 0:02:45] [#]} 29. Bf3 (29. Rxd6 $1 $18 f5 30. Rxd8 Rxd8 31. Rxd8 Qxd8 32. Be2) 29... e5 $1 $14 30. Be3 Ne6 31. fxe5 {[%emt 0:00:16] Strongly threatening Nd5.} dxe5 (31... Nd4 $1 $11 32. Bg2 (32. Bxd4 cxd4 33. Rxd4 Rxe5 $15) 32... dxe5) 32. Nd5 $16 Bxd5 33. exd5 (33. cxd5 $16 Nd4 34. Bg4) 33... Nd4 $14 34. Bg4 (34. Bxd4 exd4 35. Qd2 Qb8 $17) 34... Qb8 35. Qf2 (35. Bxd4 exd4 36. Rf1 Re4 $17) 35... e4 {[%emt 0:01:29] [#]} ({Better is} 35... Be7 $14) 36. Rxd4 ({White should play} 36. R3d2 $1 $16) 36... cxd4 $11 37. Bxd4 {[%emt 0:00:05] Threatens to win with Qf6.} e3 $1 38. Bxe3 {[%emt 0:01:37] aiming for Bf4. Really sharp! A strong pair of Bishops.} Qc7 (38... Re4 $1 $11 39. Bh3 Rde8) 39. Kg2 $40 {[%emt 0:00:08][%mdl 128] Black is in trouble.} Qe5 $2 (39... Re4 {is more resistant.} 40. Bf3 Ree8) 40. Bf4 $18 Qe4+ 41. Qf3 (41. Kg3 $142) 41... Qc2+ $2 (41... Re5 42. Bxe5 Qxe5) 42. Rd2 Qb1 43. Qd3 $2 (43. d6) 43... Qc1 $2 (43... Qxd3 44. Rxd3 Bc5) 44. d6 Re1 {[%emt 0:01:13] [#]} 45. Bf3 $2 (45. Qd4 $1 $18) 45... Rg1+ $2 (45... Rh1 $1 $11 {and Black stays safe.} 46. Kg3 (46. Bd1 $2 Rxd1 47. Rxd1 Qxf4 $19) 46... Qe1+ 47. Rf2 Qg1+ 48. Rg2 Qe1+ 49. Rf2 Qg1+ 50. Rg2 Qe1+ 51. Rf2) 46. Kh2 Re1 {[%emt 0:06:38] Inhibits Qe3.} (46... Rf1 $142 47. Qe4 Qa1) 47. Qd4 Rf1 48. Kg2 Rh1 49. Qf2 {[%emt 0:00:00] Active counter play!} Re8 50. d7 Rd8 51. Rd4 Qb1 52. Bc7 Bc5 53. Bxd8 {[%emt 0:01:29] White mates.} Bxd4 54. Bc7 ({And not} 54. Qxd4 Qf1+ 55. Kg3 Rh3+ 56. Kf4 Rh4+ 57. Ke5 Rxd4 58. Kxd4 Qxf3 $11) 54... Rg1+ 55. Kh2 {[%emt 0:00:01] Weighted Error Value: White=0.47/Black=0.84} 1-0

[Event "Prague Festival Open 2022"]
[Site "Prague"]
[Date "2022.06.11"]
[Round "3.9"]
[White "Kulhanek, Tomas"]
[Black "Garriga Cazorla, Pere"]
[Result "0-1"]
[ECO "B22"]
[WhiteElo "2324"]
[BlackElo "2495"]
[Annotator "TA"]
[PlyCount "104"]
[EventDate "2022.06.10"]
[EventType "swiss"]
[EventCountry "CZE"]
[SourceTitle "playchess.com"]
[Source "ChessBase"]
[SourceQuality "1"]
[TimeControl "40/5400+30:1800+30"]

1. e4 c5 2. c3 d5 3. exd5 Nf6 4. d4 cxd4 5. Qxd4 Nxd5 6. Nf3 {[%emt 0:00:50] B22: Sicilian: 2 c3.} e6 (6... Nc6 $5 7. Bb5 e6 $11) 7. Bb5+ Nc6 8. O-O {[%emt 0:00:22] The position is equal.} Bd7 9. Bxc6 Bxc6 10. Ne5 Qc7 11. Nxc6 Qxc6 12. Nd2 {[%emt 0:01:52] [#]} Ne7 $146 (12... Nf6 {is more complex.} 13. Nf3 Be7 14. Ne5 Qe4) ({Predecessor:} 12... Bc5 13. Qe4 O-O 14. Nb3 Bb6 15. c4 Ne7 16. Qxc6 Nxc6 17. Bd2 Rac8 18. Bc3 Rfd8 {0-1 (59) Okhotnik,V-Plachetka,J (2440) Balatonbereny 1985}) 13. Qe4 Rd8 14. Qxc6+ Nxc6 15. Nf3 f6 16. Be3 Bd6 17. Nd4 Nxd4 18. Bxd4 Bb8 19. Rfd1 Kf7 20. Be3 e5 21. f3 Ke6 22. Kf2 f5 23. g3 Rhg8 24. Ke2 Rxd1 25. Rxd1 $11 {[%emt 0:00:06][%mdl 4096] Endgame KRB-KRB} g5 26. g4 f4 27. Bf2 h5 28. h3 Rh8 29. c4 Bc7 30. b4 Bd6 31. c5 Be7 32. a4 hxg4 33. hxg4 Rh2 34. Kf1 Rh3 35. Kg2 Rh8 36. c6 (36. Rc1 $11) 36... bxc6 $15 37. Rc1 Bxb4 (37... Kd5 $17 38. Rb1 Rc8 39. Rd1+ Ke6) 38. Rxc6+ $11 Kd5 39. Ra6 {[%emt 0:02:15] [#]} (39. Rg6 $11) 39... Rc8 $1 $17 {[%emt 0:00:45] aiming for ...Rc2.} 40. Bxa7 $2 {[%emt 0:07:37][%mdl 8192] White does not recover from this.} (40. Rg6 $17) 40... Rc2+ $2 (40... Ra8 {And now ...Bc5 would win.} 41. Kf1 Bc5 42. Bxc5 Rxa6) 41. Kf1 $19 e4 42. Rb6 Bc5 43. Rb7 $2 (43. Rb5 e3 44. Bb6 (44. Bxc5 $2 Rxc5 45. Rb8 Kc4 $19)) 43... Kc6 {[%emt 0:04:43] Black is clearly winning.} 44. Rg7 Bxa7 45. Rxa7 {[%emt 0:00:08] KR-KR} e3 {[%emt 0:00:03] [#] Strongly threatening ...Rf2+.} 46. Rg7 Rf2+ 47. Ke1 Rxf3 48. Rxg5 Rg3 {[%emt 0:00:19] ( -> ...f3)} ({Not} 48... Rf2 49. Rf5 $11) 49. Re5 Kd6 50. Re4 Rxg4 {[%emt 0:00:00] White must now prevent ...Kd5.} 51. a5 Kd5 52. Re8 Rg2 {[%emt 0:00:00] Weighted Error Value: White=0.59/Black=0.11 (very precise)} 0-1

[Event "Prague Festival Open 2022"]
[Site "Prague"]
[Date "2022.06.11"]
[Round "3.10"]
[White "Karthik Venkataraman"]
[Black "Garcia Martin, Marta"]
[Result "1-0"]
[ECO "D37"]
[WhiteElo "2480"]
[BlackElo "2326"]
[Annotator "TA"]
[PlyCount "107"]
[EventDate "2022.06.10"]
[EventType "swiss"]
[EventCountry "CZE"]
[SourceTitle "playchess.com"]
[Source "ChessBase"]
[SourceQuality "1"]
[TimeControl "40/5400+30:1800+30"]

1. d4 d5 2. c4 e6 3. Nf3 Nf6 4. Nc3 a6 5. cxd5 exd5 6. Bg5 {[%emt 0:00:05] D37: Queen's Gambit Declined: 5 Bf4.} Be6 7. e3 Nbd7 8. Bd3 {[%emt 0:00:08] The position is equal.} Bd6 9. O-O c6 {[%emt 0:00:35] 9...c6 is better than 9...0-0.} 10. Rc1 O-O 11. h3 Qc7 {[%emt 0:02:17] [#]} 12. Bh4 $146 ({Predecessor:} 12. Ne2 Ne4 13. Bf4 f5 14. Qb3 b6 15. Rc2 h6 16. Rfc1 c5 17. dxc5 Ndxc5 18. Qa3 {1-0 (52) Korobov,A (2698)-Bosiocic,M (2599) St Petersburg 2018}) 12... h6 13. Qe1 Rfe8 14. Nd2 Qd8 15. f4 {[%emt 0:01:57] Threatens to win with f5.} Nf8 16. Nf3 Be7 17. g4 c5 18. f5 (18. Rd1 $14 {should be considered.}) 18... Bc8 $11 19. Bxf6 Bxf6 20. dxc5 Bd7 21. Qd2 (21. Bc2 $11) 21... Bc6 $1 $15 {[%emt 0:01:03][%mdl 1024] Black has compensation.} 22. Nd4 Qc7 {[%emt 0:11:54] Hoping for ...Qg3+.} 23. Nce2 {[%emt 0:12:02] Against Qg3+} Re7 {[%emt 0:04:25] White must now prevent ...Rae8.} (23... Qe7 $5 24. Rf3 (24. Nxc6 bxc6 25. Rf3 Nd7 $17) 24... Nd7 $15) 24. Rc3 $1 Rae8 25. Bc2 Nh7 {[%emt 0:04:21] Strongly threatening ...Bb5.} 26. Nf4 Ng5 (26... Qa5 $5 ) 27. Kg2 Ne4 28. Bxe4 Rxe4 29. Rf3 Qa5 30. a3 Qa4 31. Nfe2 Bg5 ({Black should play} 31... Bb5 $11 32. Qc2 h5 33. gxh5 Qxc2 34. Rxc2 Bxe2 35. Nxe2 Rxe3) 32. Rd3 (32. f6 $5 Bxf6 33. Rxf6 gxf6 34. Ng3 $14) 32... Qc4 33. Rc3 Qa4 34. b4 (34. f6 $1 $14 Bxf6 35. Rxf6 gxf6 36. Ng3) 34... Bb5 $11 35. Ng3 R4e5 36. Nh5 Bc4 {[%emt 0:00:30] This bishop pair is nice.} 37. Qf2 (37. f6 {is more appropriate.} g6 38. Nf4) 37... Qd1 {[%emt 0:00:20] And now ...Bd3 would win.} 38. f6 $1 Bxe3 $2 39. Rcxe3 $18 Qxd4 {[%emt 0:00:07] [#]} 40. Rxe5 Qxe5 (40... Qxf2+ {is a better defense.} 41. Kxf2 Rxe5) 41. fxg7 Re7 42. Qd2 Qa1 {[%emt 0:15:14] ...Re2+ is the strong threat.} 43. Re3 {[%emt 0:00:00] Prevents Re2+. Chess con chili.} (43. Qxh6 Re2+ 44. Rf2 (44. Kg3 $2 Qe1+ 45. Kf4 Qd2+ 46. Kg3 Rg2+ 47. Kh4 Qxh6 $19) 44... Rxf2+ 45. Kxf2 Qf1+ 46. Kg3 Qe1+ 47. Kh2 Qf2+ 48. Kh1 Qf1+ 49. Kh2 Qf2+ 50. Kh1 Qf1+ 51. Kh2 Qf2+ $11) (43. Rf2 $18 Re1 44. Ng3 (44. Qxh6 Rg1+ 45. Kh2 Rh1+ 46. Kg3 Qg1+ 47. Kh4 Qxf2+ $11)) 43... Re5 $2 (43... Rxe3 44. Qxe3 Bb5 45. Kh2 $18 (45. Qxh6 Qf1+ 46. Kh2 Qf2+ 47. Kh1 Qe1+ 48. Kh2 Qf2+ 49. Kh1 Qe1+ 50. Kg2 Qf1+ 51. Kh2 Qf2+ $11)) (43... Qf1+ $1 $11 {and Black stays safe.} 44. Kg3 Qg1+ 45. Kf4 Qf1+ 46. Rf3 (46. Kg3 Qg1+ 47. Kf4 Qf1+ 48. Rf3 Qg1 $11) 46... Qg1) 44. Kh2 $2 $40 {[%emt 0:00:00][%mdl 128] White has some attack.} ({Weaker is} 44. Rxe5 Qxe5 45. Ng3 (45. Qxh6 Qe4+ 46. Kh2 Qe2+ 47. Kh1 Qe4+ 48. Kh2 Qe2+ 49. Kh1 Qe4+ 50. Kh2 $11) 45... h5 $16) (44. a4 $18) 44... Bb5 $1 $14 {[%emt 0:01:58] [#]} 45. Nf4 (45. a4 $1 $16 Bxa4 46. Qe2 Rxe3 47. Qxe3 Qb2+ 48. Kg3) 45... Kxg7 $11 46. Nxd5 Bc6 47. Rxe5 Qxe5+ $14 {[%emt 0:00:07][%mdl 4096] Endgame KQB-KQN} 48. Nf4 a5 49. Kg3 axb4 50. axb4 h5 (50... Kg8 $11 {remains equal.}) 51. gxh5 $16 Kh6 $2 (51... Qg5+ $16 {is a better chance.} 52. Kf2 Qh4+ 53. Ke3 Qe7+ 54. Kd3 (54. Kf2 Qf6 $16) 54... Qe4+ 55. Kc3 f6) 52. Qd6+ $18 Qxd6 (52... f6 $18 53. Qxe5 fxe5) 53. cxd6 {[%emt 0:00:00] Nd3 would kill now.} Kg5 {[%emt 0:00:16] [#]} 54. Nd5 $1 {[%emt 0:00:00][%mdl 512] Weighted Error Value: White=0.24 (precise) /Black=0.50} 1-0

[Event "Prague Festival Open 2022"]
[Site "Prague"]
[Date "2022.06.11"]
[Round "3.11"]
[White "Raja Harshit"]
[Black "Lye, Lik Zang"]
[Result "1-0"]
[ECO "B11"]
[WhiteElo "2479"]
[BlackElo "2358"]
[Annotator "TA"]
[PlyCount "109"]
[EventDate "2022.06.10"]
[EventType "swiss"]
[EventCountry "CZE"]
[SourceTitle "playchess.com"]
[Source "ChessBase"]
[SourceQuality "1"]
[TimeControl "40/5400+30:1800+30"]

1. e4 c6 2. Nf3 d5 3. Nc3 dxe4 4. Nxe4 Nf6 5. Qe2 Nxe4 6. Qxe4 Qa5 {[%emt 0:06:27] B11: Caro-Kann: Two Knights Variation.} 7. Qf4 Qf5 8. Qe3 Qe6 (8... Qxc2 $11 {feels stronger.} 9. Bd3 Qa4) 9. b3 Qxe3+ 10. fxe3 Bf5 11. Bb2 {[%emt 0:00:10] [#]} f6 $146 ({Predecessor:} 11... Nd7 12. O-O-O a5 13. a4 e6 14. Rg1 h5 15. Bd3 Bxd3 16. cxd3 Nc5 17. Kc2 Na6 {½-½ (66) Svidler,P (2714)-Jumabayev,R (2637) Chess.com INT 2021}) 12. O-O-O Bg4 13. h3 Bxf3 (13... Bh5 $14) 14. gxf3 $16 e5 15. h4 Nd7 16. Bh3 Rd8 17. Rhg1 (17. h5 $142) 17... Kf7 18. Rg2 {[%emt 0:06:02] White is more active.} g6 19. h5 Bh6 20. Rh1 Nb6 21. c4 Nd7 22. Bxd7 Rxd7 23. hxg6+ hxg6 24. Rgh2 Kg7 25. f4 exf4 26. exf4 Re7 27. Kc2 Re4 28. Rh4 c5 29. R1h2 Re6 30. a4 Re4 31. Bc3 Re6 32. a5 Re4 33. Kb2 Re6 34. Ka3 Re4 35. Ka4 {[%emt 0:00:11] Kb5 is the strong threat.} a6 36. R2h3 Re2 {[%emt 0:00:36] [#]} (36... Ree8 $16 {keeps fighting.}) 37. b4 $1 $18 cxb4 (37... Rh7 {is a better defense.} 38. bxc5 Rf2) 38. Kxb4 {[%emt 0:00:05] Strongly threatening d4.} Re4 (38... Rf2 $142 39. d3 Rf1) 39. d3 Re6 (39... Re7 40. Kc5 Rc7+ 41. Kb6 Rc6+ 42. Ka7 (42. Kxb7 Rhc8 $11) 42... Rc7) 40. Kb3 Ree8 41. Kb4 $2 (41. c5) 41... Re6 $1 42. Bd4 $2 (42. d4) 42... Rd6 (42... Re1 $142 43. Bxf6+ Kxf6 44. Rxh6 Rxh6 45. Rxh6 Rd1) 43. Bc3 $2 (43. Kc3) 43... Re6 $1 44. d4 {[%emt 0:00:00] White is clearly winning.} Ree8 45. d5 Rd8 {[%emt 0:00:00] [#]} 46. Bxf6+ $1 Kxf6 47. Rxh6 Rxh6 (47... Rhe8 $142 48. Rg3 Rg8) 48. Rxh6 {[%emt 0:00:00][%mdl 4096] Endgame Hoping for Kc5. KR-KR} Rd7 49. Kc5 Rc7+ 50. Kd4 Kf5 51. d6 Rg7 52. Kd5 Kf6 53. c5 Kf5 54. Rh8 {[%emt 0:00:00] Rf8+ would kill now.} Rf7 {[%emt 0:00:46] Prevents Rf8.} 55. Re8 {[%emt 0:00:00] Weighted Error Value: White=0.53/Black=0.26 (precise)} 1-0

[Event "Prague Festival Open 2022"]
[Site "Prague"]
[Date "2022.06.11"]
[Round "3.12"]
[White "Sedlak, Nikola"]
[Black "Vojta, Tomas"]
[Result "1-0"]
[ECO "D02"]
[WhiteElo "2476"]
[BlackElo "2318"]
[Annotator "TA"]
[PlyCount "71"]
[EventDate "2022.06.10"]
[EventType "swiss"]
[EventCountry "CZE"]
[SourceTitle "playchess.com"]
[Source "ChessBase"]
[SourceQuality "1"]
[TimeControl "40/5400+30:1800+30"]

1. Nf3 d5 2. g3 Nc6 3. d4 Bg4 4. Bg2 Qd7 5. O-O O-O-O 6. c3 {[%emt 0:02:09] D02: 1 d4 d5 2 Nf3 sidelines, including 2...Nf6 3 g3 and 2...Nf6 3 Bf4.} h5 7. b4 f6 (7... Bxf3 $11 8. Bxf3 (8. exf3 h4 $11) 8... Kb8) 8. b5 $14 {[%emt 0:01:17] White is slightly better.} Nb8 {[%emt 0:00:00] [#]} (8... Na5 $14 {might be stronger.}) 9. c4 $146 ({Predecessor:} 9. Qa4 Bh3 10. c4 Bxg2 11. Kxg2 g5 12. cxd5 h4 13. e4 Qg4 14. Nbd2 hxg3 15. fxg3 {1-0 (43) Blittkowsky,R (1953)-Vujadinovic,M (2033) IECG email 2003}) 9... dxc4 10. Qa4 h4 {[%emt 0:00:00] [#]} (10... Bxf3 $2 11. Bxf3 e5 12. Na3 $18 (12. Qxc4 Qxd4 13. Qb3 e4 $16) (12. Qxa7 Qxb5 13. dxe5 Qa6 $16)) 11. Qxa7 ({Reject} 11. Qxc4 $6 hxg3 12. fxg3 (12. hxg3 $2 Bh3 $19) 12... e5 $11) ({White should play} 11. Na3 $1 $16 hxg3 12. fxg3) 11... Qxb5 {[%emt 0:00:00] aiming for ...Nc6.} 12. Nc3 $36 {[%emt 0:00:44][%mdl 2048] White is on the roll.} Qa6 13. Qxa6 {[%emt 0:00:10] White is more active.} Nxa6 14. Nxh4 g5 {[%emt 0:00:00] Loses the game.} (14... Bh5 $16) 15. Ng6 Rh7 16. Nxf8 Rxf8 17. Rb1 c6 18. d5 c5 (18... cxd5 $142 19. Bxd5 e6) 19. f4 $18 gxf4 20. Rxf4 f5 21. Rxc4 Nf6 22. Be3 {[%emt 0:03:32] This bishop pair is nice.} Nd7 {[%emt 0:00:00] [#]} (22... Rd8 23. h4 Rd7) 23. d6 b6 24. Ra4 Nab8 25. Ra7 exd6 26. Nb5 Rh5 {[%emt 0:00:00] Prevents Bg5.} 27. h4 Rf6 28. Bg5 Rxg5 29. hxg5 Re6 30. Nc3 Bxe2 31. Re1 Bc4 32. Rxe6 Bxe6 33. Bd5 Bxd5 34. Nxd5 Ne5 35. Ne7+ Kd8 36. g6 {[%emt 0:00:44] Weighted Error Value: White=0.13 (very precise) /Black=0.39} 1-0

[Event "Prague Festival Open 2022"]
[Site "Prague"]
[Date "2022.06.12"]
[Round "4.1"]
[White "Motylev, Alexander"]
[Black "Kozak, Antoni"]
[Result "1-0"]
[ECO "B51"]
[WhiteElo "2633"]
[BlackElo "2459"]
[Annotator "TA"]
[PlyCount "79"]
[EventDate "2022.06.10"]
[EventType "swiss"]
[EventCountry "CZE"]
[SourceTitle "playchess.com"]
[Source "ChessBase"]
[SourceQuality "1"]
[TimeControl "40/5400+30:1800+30"]

1. e4 c5 2. Nf3 d6 3. Bb5+ Nd7 4. O-O a6 5. Bd3 Ngf6 6. c3 {[%emt 0:00:39] B51: Sicilian: Moscow Variation (3 Bb5+) without 3...Bd7.} b5 7. Bc2 Bb7 8. Re1 {[%emt 0:00:40] The position is equal.} e6 9. d4 Be7 10. Nbd2 Qc7 11. Nf1 O-O 12. Ng3 Rfe8 13. Bd2 $5 {[%emt 0:03:31][%mdl 4] A promising side line.} Bf8 14. h3 {[%emt 0:01:33] [#]} a5 $146 ({Predecessor:} 14... g6 15. Bd3 Bg7 16. b3 Nb6 17. Rc1 c4 18. Bb1 a5 19. Bg5 cxb3 20. axb3 a4 {0-1 (44) Delgado Ramirez,N (2602)-Esen,B (2589) Tromsoe 2014}) 15. a4 b4 16. Rc1 bxc3 17. Bxc3 cxd4 18. Nxd4 Qb6 19. Qd2 Ne5 20. Nb5 Rec8 21. Rcd1 Ne8 22. Ne2 (22. Bd4 $5 Qa6 23. Rc1 $11) 22... Nc4 23. Qd3 Ba6 24. e5 {[%emt 0:05:27][%csl Gc2][%cal Rd3h7] [#]} g6 25. exd6 $40 {[%emt 0:00:47][%mdl 128] White is up to no good.} Ncxd6 26. Ned4 Bg7 27. Bb3 e5 28. Nf3 Bxb5 (28... e4 {looks sharper.} 29. Rxe4 Bxc3 30. bxc3 Nxe4 31. Qxe4 Bxb5 32. axb5 Ra7) 29. axb5 e4 30. Rxe4 Bxc3 $1 ({But not} 30... Nxe4 31. Qxe4 Qxb5 32. Bxf7+ Kxf7 33. Rd5 $11) 31. bxc3 {[%emt 0:01:40] aiming for Re5.} Nxe4 32. Qxe4 {[%emt 0:01:16] Ng5 is the strong threat.} Qxb5 {[%emt 0:01:30][%mdl 8192] [#] This costs Black the game.} (32... Ra7 $1 $15 33. Qe5 a4) 33. Bxf7+ $1 $18 Kxf7 (33... Kh8 $142 34. Ne5 Nf6) 34. Rd5 {[%emt 0:00:18] Intending Ng5+ and mate.} Qxd5 (34... Qb2 $142) 35. Qxd5+ Ke7 (35... Kg7 $142 36. Ng5 Kh8 37. Qd4+ Ng7 38. Nf7+ Kg8) 36. Ne5 Nd6 37. c4 Nf5 38. Qd7+ {[%emt 0:02:48] White mates.} Kf6 39. f4 Rf8 40. Ng4# {[%emt 0:10:25] Weighted Error Value: White=0.06 (flawless) /Black=0.48} 1-0

[Event "Prague Festival Open 2022"]
[Site "Prague"]
[Date "2022.06.12"]
[Round "4.2"]
[White "Rasik, Vitezslav"]
[Black "Stefansson, Hannes"]
[Result "1/2-1/2"]
[WhiteElo "2433"]
[BlackElo "2534"]
[Annotator "TA"]
[PlyCount "30"]
[EventDate "2022.06.10"]
[EventType "swiss"]
[EventCountry "CZE"]
[SourceTitle "playchess.com"]
[Source "ChessBase"]
[SourceQuality "1"]
[TimeControl "40/5400+30:1800+30"]

1. e4 c5 2. Nf3 d6 3. Bb5+ Nd7 4. c3 Ngf6 5. Qe2 a6 6. Ba4 b5 7. Bc2 {[%emt 0:00:09] The position is equal.} Bb7 {[%emt 0:00:28] B51: Sicilian: Moscow Variation (3 Bb5+) without 3...Bd7.} 8. d4 g6 9. O-O {[%emt 0:00:14] [#] A rather calm draw.} {Predecessor:} Bg7 $146 10. Rd1 cxd4 11. cxd4 O-O 12. a3 Rc8 13. Nc3 Nb6 14. Bd3 Nc4 15. h3 Qb6 {0-1 (40) Hansen,E (2606)-Giri,A (2772) chess24.com INT 2022} 1/2-1/2

[Event "Prague Festival Open 2022"]
[Site "Prague"]
[Date "2022.06.12"]
[Round "4.3"]
[White "Moksh Amit Doshi"]
[Black "Stremavicius, Titas"]
[Result "0-1"]
[ECO "E02"]
[WhiteElo "2398"]
[BlackElo "2508"]
[Annotator "TA"]
[PlyCount "152"]
[EventDate "2022.06.10"]
[EventType "swiss"]
[EventCountry "CZE"]
[SourceTitle "playchess.com"]
[Source "ChessBase"]
[SourceQuality "1"]
[TimeControl "40/5400+30:1800+30"]

1. d4 d5 2. c4 e6 3. Nf3 Nf6 4. g3 dxc4 5. Qa4+ Nbd7 6. Bg2 a6 7. Nc3 Rb8 8. Qxc4 b5 9. Qd3 Bb7 10. O-O c5 11. Bf4 Rc8 12. dxc5 {[%emt 0:01:56] E02: Open Catalan: 5 Qa4+.} (12. Rac1 {with more complications.} cxd4 13. Qxd4 Bc5 14. Qd3) 12... Nxc5 13. Qxd8+ Rxd8 {[%emt 0:00:21] [#]} 14. a3 $146 {[%emt 0:06:24] White is slightly better.} ({Predecessor:} 14. Rfd1 Rxd1+ 15. Rxd1 b4 16. Nb1 Nd5 17. Ne5 f6 18. Nc4 Nxf4 19. gxf4 Bxg2 20. Kxg2 {1-0 (57) Saric,A (2584)-Luch,M (2449) Chess.com INT 2015}) 14... Rc8 15. Rad1 Be7 16. Ne5 Bxg2 17. Kxg2 O-O 18. b4 Nb7 19. Rd3 Nd6 20. f3 Rfd8 21. Rfd1 Nfe8 22. Ne4 Nxe4 23. Rxd8 Rxd8 24. Rxd8 Bxd8 25. fxe4 $11 {[%emt 0:00:09][%mdl 4096] Endgame KBN-KBN} Bf6 {[%emt 0:00:06] Hoping for ...g5.} 26. Nd3 Kf8 27. Kf3 Bc3 28. Be3 Ke7 29. e5 {[%emt 0:00:04] Prevents Nd6.} Nc7 30. Bc5+ Kd7 31. Bf8 g6 32. Bd6 Nd5 33. e4 {[%emt 0:00:20] [#]} (33. Nc5+ $11 {keeps the balance.} Kc6 34. Nxa6) 33... Nb6 $1 $17 34. Nc5+ Kc6 35. Nxa6 Nc4 36. Nb8+ {[%emt 0:00:45] [#]} Kb7 $1 37. Nd7 Nxd6 ({Black should play} 37... Kc8 $17 38. Nc5 Nxa3) 38. exd6 {[%emt 0:00:06] KB-KN} Kc6 39. Nc5 Kxd6 40. Nd3 h5 41. h3 Bd2 42. g4 e5 43. gxh5 gxh5 44. Ke2 Bc3 45. Ke3 Bd4+ 46. Kf3 Ke6 47. Ke2 Kf6 48. Kf3 Kg5 49. Kg3 f5 50. h4+ Kf6 51. Kf3 Bc3 52. Ke3 Ba1 53. Kf3 Bd4 54. Ne1 (54. exf5 $1 $11 Kxf5 55. Nc5) 54... Bc3 (54... Bb2 $17 55. Ng2 Bc1) 55. Nd3 $11 Bd2 56. Nc5 Bc3 57. Nd3 Bd4 (57... f4 $11) 58. Ne1 $17 Bb2 59. Nd3 $2 {[%emt 0:00:00][%mdl 8192] This costs White the game.} (59. Nc2 $17) 59... Bxa3 $2 (59... fxe4+ 60. Kxe4 Bxa3 61. Nxe5 Bxb4 62. Nd7+ Kg7) 60. Ke3 $19 Ke6 {[%emt 0:00:00] White must now prevent ...fxe4.} 61. Nc5+ Ke7 62. Nd3 $2 (62. exf5 Bxb4 63. Ne4) 62... fxe4 63. Nxe5 Ke6 64. Kxe4 Bxb4 {[%emt 0:00:00] Black mates.} 65. Nd3 Bd6 66. Ne1 Bg3 67. Nf3 b4 68. Nd4+ Kf6 69. Nf3 Bf2 70. Nd2 Bxh4 71. Kf3 Ke5 72. Nb3 Bg5 73. Kg3 Kd5 74. Kh3 Kc4 75. Na5+ Kc3 76. Kg3 Bd8 {[%emt 0:00:13] Weighted Error Value: White=0.30/Black=0.32} 0-1